AoeStats
← I'm AOE2 Noob

Arabia

505211487Analyzed
1v1 RM · 23d ago on Sep 8, 2026· 23m 5s· 2 players
Game mode
Random Map
Map size
Tiny (2 player)
Population
200
Speed
Normal
Resources
Standard
Victory
Conquest
Starting age
Dark Age
Ending age
Imperial Age
RankedLock teamsTeams togetherTeam positionsShared explorationLock speedFull tech treeHidden civsTurbo modeCheats
Victory
Defeat
🇨🇳 Maya · China
1725
+19
🇲🇽 Lithuanians · Mexico
1796
-19
I'm AOE2 Noob
0:27 Loom
9:32 Feudal Age
10:16 Double-Bit Axe
14:41 Wheelbarrow
20:04 Castle Age
18:30 Fletching
19:20 Scale Mail Armor
19:07 Horse Collar
19:40 Gold Mining
20:18 Crossbowman
21:12 Bodkin Arrow
Yun
6:28 Loom
9:07 Feudal Age
10:42 Horse Collar
13:52 Fletching
16:53 Double-Bit Axe
20:32 Castle Age
19:19 Padded Archer Armor
19:34 Gold Mining
21:44 Scale Barding Armor
Connection lost

Rejoining the realm…

Still unreachable

The connection could not be restored.

Session expired

The server has moved on; the page needs a fresh start.